Cogmind - Beta 16.1 @@@ ROGUE MODE // 2026.03.05 @ 21:44:29 Player: Savant Result: Escaped! Performance ------------- Evolutions (9) 4500 Regions Visited (15) 3000 Robots Destroyed (33) 165 Value Destroyed (869) 869 Prototype IDs (58) 1160 Alien Tech Used (0) 0 Bonus (6545) 6545 TOTAL SCORE: 16239 Bonus ------- Follower Combat Kills 369 Entered DSFs 500 Aligned with FarCom 300 Win 3000 Win Speed 2376 Cogmind --------- Core Integrity 1559/1600 Matter 187/300 Energy 30/150 System Corruption 12% Temperature Cool (10) Movement Flying (25) Location To Epsilon Eridani Parts ------- > --- POWER (2) -------- Backup Power VII Micro Antimatter Reactor > --- PROPULSION (8) --- Improved VTOL Module Biomechanical Wings Field Propulsion Drive Field Propulsion Drive Cooled Nuclear Pulse Thruster Experimental Cesium-ion Thruster (fused) Field Propulsion Array (fused) > --- UTILITY (13) ----- Advanced Power Amplifier Medium Storage Unit Enhanced Optical Array Long-range Terrain Scanner Advanced Terrain Scan Processor Advanced ECM Suite Experimental Propulsion Shielding Improved Utility Shielding Improved Light Armor Plating Graphene Brace Hacking Suite Hacking Suite Advanced System Shield > --- WEAPON (2) ------- Mini Smartbomb Launcher Powered Hammer > --- INVENTORY (10) --- Micro Fission Core Advanced Energy Well (500) Gravity Neutralizer Structural Scanner Advanced Reaction Control System Advanced Component Analysis Suite Advanced System Restoration Module Thief Drone Bay (3/3) Latent Energy Streamer Heavy Missile Launcher Peak State ------------ > --- POWER ------------ Backup Power VII Micro Antimatter Reactor > --- PROPULSION ------- Improved VTOL Module Biomechanical Wings Field Propulsion Drive Field Propulsion Drive Cooled Nuclear Pulse Thruster Experimental Cesium-ion Thruster Field Propulsion Array > --- UTILITY ---------- Advanced Power Amplifier Medium Storage Unit Enhanced Optical Array Long-range Terrain Scanner Advanced Terrain Scan Processor Advanced Reaction Control System Experimental Propulsion Shielding Improved Utility Shielding Improved Light Armor Plating Graphene Brace Hacking Suite Hacking Suite Advanced System Shield > --- WEAPON ----------- Mini Smartbomb Launcher Powered Hammer > --- INVENTORY -------- Micro Fission Core Advanced Energy Well Gravity Neutralizer Structural Scanner Advanced ECM Suite Advanced Component Analysis Suite Advanced System Restoration Module Thief Drone Bay Latent Energy Streamer Heavy Missile Launcher [Rating: 144] Favorites ----------- Power Backup Power VII Engine Backup Power III Power Core Backup Power VII Reactor Micro Antimatter Reactor Propulsion VTOL Module Treads Improved Treads Hover Unit Aerolev Unit Flight Unit VTOL Module Utility Hacking Suite Device Structural Scanner Storage Medium Storage Unit Processor Enhanced Optical Array Hackware Hacking Suite Protection Experimental Propulsion Shielding Weapon Powered Hammer Energy Cannon Latent Energy Streamer Ballistic Gun Light Assault Rifle Ballistic Cannon Light Cannon Launcher Mini Smartbomb Launcher Impact Weapon Powered Hammer Slashing Weapon Katana Build | -11 -10 -10 -10 -9 -8 -7 -7 -7 -6 -5 -4 -4 -3 -2 -1 ------- Run | Yrd Mat Min Exi Min Mat Fac Was Fac Fac Fac Fac DSF Res Res Acc Slots Evolved 18 | . . . . . 4 2 . . 2 2 2 . 2 2 2 Power 1 | . . . . . . . . . 1 . . . . . . Propulsion 6 | . . . . . 2 1 . . 1 . . . 1 . 1 Utility 11 | . . . . . 2 1 . . . 2 2 . 1 2 1 Weapon . | . . . . . . . . . . . . . . . . Parts Attached 74 | 4 6 2 . 1 8 11 1 8 6 5 2 2 4 8 6 Power 6 | . . . . . . 1 . 2 1 . . . . 1 1 Engine 1 | . . . . . . . . . 1 . . . . . . Core 4 | . . . . . . 1 . 2 . . . . . 1 . Reactor 1 | . . . . . . . . . . . . . . . 1 Propulsion 24 | 2 2 1 . . 4 6 . 3 2 1 . . 1 1 1 Treads 9 | 2 2 1 . . 3 1 . . . . . . . . . Leg . | . . . . . . . . . . . . . . . . Wheel . | . . . . . . . . . . . . . . . . Hover 1 | . . . . . 1 . . . . . . . . . . Flight 14 | . . . . . . 5 . 3 2 1 . . 1 1 1 Utility 33 | . 2 1 . . 3 3 1 2 2 4 2 2 3 4 4 Device 11 | . . . . . 1 . . . 1 2 . 2 2 1 2 Storage 3 | . . . . . . 1 . . . . . . . 2 . Processor 11 | . 2 . . . 2 1 . 1 1 1 . . 1 1 1 Hackware 4 | . . 1 . . . . . 1 . 1 . . . . 1 Protection 4 | . . . . . . 1 1 . . . 2 . . . . Artifact . | . . . . . . . . . . . . . . . . Weapon 11 | 2 2 . . 1 1 1 . 1 1 . . . . 2 . Energy Gun . | . . . . . . . . . . . . . . . . Energy Cannon 1 | . . . . 1 . . . . . . . . . . . Ballistic Gun 2 | 2 . . . . . . . . . . . . . . . Ballistic Cannon 2 | . 2 . . . . . . . . . . . . . . Launcher 2 | . . . . . . . . . . . . . . 2 . Special Weapon . | . . . . . . . . . . . . . . . . Impact Weapon 2 | . . . . . . 1 . 1 . . . . . . . Slashing Weapon 2 | . . . . . 1 . . . 1 . . . . . . Piercing Weapon . | . . . . . . . . . . . . . . . . Special Melee Weapon . | . . . . . . . . . . . . . . . . Unidentified Prototypes 14 | . . . . . 1 . 1 3 1 1 . . 1 5 1 Parts Lost . | . . . . . . . . . . . . . . . . Power . | . . . . . . . . . . . . . . . . Propulsion . | . . . . . . . . . . . . . . . . Utility . | . . . . . . . . . . . . . . . . Weapon . | . . . . . . . . . . . . . . . . Highest Loss Streak . | . . . . . . . . . . . . . . . . To Critical Strikes . | . . . . . . . . . . . . . . . . Average Backups 7 | 2 4 5 5 4 4 7 10 10 9 9 8 9 9 8 9 Power . | . . . . . . . . . 1 1 1 1 1 . . Propulsion 1 | 1 3 2 2 1 . . 1 1 . . 1 1 . . . Utility 4 | . 1 1 2 3 2 5 6 6 6 5 4 5 6 5 6 Weapon 1 | . . . 1 . 1 1 2 2 2 2 2 2 2 2 2 Tool/Special . | . . . . . . . . . . . . . . . . Unused Backups 25 | . 5 3 1 1 1 2 1 . 4 1 . . 1 . 5 Power 2 | . 1 . . . . . . . . 1 . . . . . Propulsion 5 | . 2 2 . . . 1 . . . . . . . . . Utility 15 | . 1 1 . 1 1 1 1 . 4 . . . 1 . 4 Weapon 3 | . 1 . 1 . . . . . . . . . . . 1 Tool/Special . | . . . . . . . . . . . . . . . . Average Slot Usage (%) 88 | . 59 71 71 78 75 88 100 100 98 99 98 100 99 98 98 Core 4 | . . . . . . 4 7 7 8 11 10 10 9 8 5 Treads 10 | . 28 28 28 28 32 9 . . . . . . . . . Flight 22 | . . . . . . 24 38 38 40 35 31 31 33 30 30 Device 6 | . . . . . 8 7 7 7 6 5 5 5 4 15 15 Storage 3 | . . . . . . 3 7 7 6 5 5 5 4 4 4 Processor 11 | . 15 14 14 14 17 12 7 6 6 10 10 10 13 9 8 Hackware 8 | . . 13 14 14 9 7 7 7 6 10 10 10 9 8 11 Protection 5 | . . . . . . 4 7 7 5 5 13 15 14 13 12 Ballistic Cannon 3 | . 13 14 14 14 . . . . . . . . . . . Impact Weapon 2 | . . . . . . . 7 7 6 5 5 5 3 3 4 Slashing Weapon 3 | . . . . . 8 7 7 7 6 5 5 5 4 1 . Peak Build Rating 144 | 4 7 10 11 21 24 44 43 49 68 88 92 95 111 123 144 Average Rating 52 | 2 6 9 10 16 20 33 41 46 59 84 91 94 105 119 136 On Entrance 47 | . 4 7 10 11 11 22 40 43 49 68 86 92 95 105 123 Avg Prop Armor Cover (%) 19 | 30 29 29 29 29 41 29 . . 3 . . . 2 . 1 Naked Turns . | . . . . . . . . . . . . . . . . Heaviest Build 48 | 2 4 3 3 13 3 25 25 25 32 31 35 37 43 40 48 Greatest Support 91 | 3 46 3 3 46 3 91 26 29 35 37 37 37 46 46 52 Greatest Overweight (x) . | . . . . . . . . . . . . . . . . Average Overweight (x) . | . . . . . . . . . . . . . . . . Largest Inventory Capacity 10 | 5 5 5 5 5 5 10 10 10 10 10 10 10 10 10 10 Average Capacity 8 | 5 5 5 5 5 5 7 10 10 10 10 10 10 10 10 10 Most Carried 10 | 5 5 5 5 5 5 10 10 10 10 10 9 10 10 10 10 Average Carried 7 | 3 4 4 4 4 4 7 10 9 9 9 8 9 9 8 9 Final Capacity 10 | 5 5 5 5 5 5 10 10 10 10 10 10 10 10 10 10 Final Carried 10 | 5 5 5 5 5 5 10 10 10 10 10 9 10 9 10 10 Class Distribution -------------------- 28% | Mutant 26% | Scout 21% | Hacker-Scout 14% | Scavenger-Sprinter 3% | Hacker-Ninja Dominant Class ---------------- Mutant | -10/Materials Mutant | -10/Mines Mutant | -10/Exiles Mutant | -9/Mines Scout | -8/Materials Scavenger-Sprinter | -7/Factory Scavenger-Sprinter | -7/Waste Scout | -7/Factory Scout | -6/Factory Hacker-Scout | -5/Factory Hacker-Scout | -4/Factory Hacker-Scout | -4/DSF Hacker-Scout | -3/Research Hacker-Scout | -2/Research Hacker-Scout | -1/Access Resources | -11 -10 -10 -10 -9 -8 -7 -7 -7 -6 -5 -4 -4 -3 -2 -1 ----------- Run | Yrd Mat Min Exi Min Mat Fac Was Fac Fac Fac Fac DSF Res Res Acc Matter Collected 1371 | 240 153 70 . 34 60 160 20 40 36 146 . . 50 . 362 Remotely . | . . . . . . . . . . . . . . . . Salvage Created 1476 | . 181 21 . . 92 238 . 50 36 146 . . 50 . 662 Parts 60 | . 20 1 . . 2 16 . . 3 1 . . . . 17 Haulers Intercepted 6 | . 2 . . . . 2 . 1 . . . . . . 1 Recyclers Shooed 1 | . . . . . . . . . . . . . . 1 . Parts Field Recycled . | . . . . . . . . . . . . . . . . Retrieved Matter . | . . . . . . . . . . . . . . . . Parts Self-Destructed . | . . . . . . . . . . . . . . . . Prevented . | . . . . . . . . . . . . . . . . Parts Restored . | . . . . . . . . . . . . . . . . Kills | -11 -10 -10 -10 -9 -8 -7 -7 -7 -6 -5 -4 -4 -3 -2 -1 ------- Run | Yrd Mat Min Exi Min Mat Fac Was Fac Fac Fac Fac DSF Res Res Acc Combat Hostiles Destroyed 17 | . 5 . . . . 5 . . . . . . . . 7 Melee 5 | . . . . . . 5 . . . . . . . . . Cannons 5 | . 5 . . . . . . . . . . . . . . AOE 6 | . . . . . . . . . . . . . . . 6 Classes Destroyed 8 | . 4 1 . . 1 . . . 1 . . . . . 1 Worker 1 | . . 1 . . . . . . . . . . . . . Tunneler 2 | . 1 1 . . . . . . . . . . . . . Hauler 6 | . 2 . . . . 2 . 1 . . . . . . 1 Recycler 3 | . . . . . 1 . . . . 1 . . . . 1 Watcher 4 | . . . . . . . . . 1 . . . 1 . 2 Swarmer 14 | . 3 . . . . 5 . . . . . . . . 6 Grunt 2 | . 2 . . . . . . . . . . . . . . Sentry 1 | . . . . . . . . . . . . . . . 1 Best Kill Streak 8 | . 5 2 . . 1 5 . 1 1 1 . . 1 . 8 Combat Bots Only 6 | . 5 . . . . 5 . . . . . . . . 6 Max Kills in Single Turn 6 | . 1 1 . . 1 1 . 1 1 1 . . 1 . 6 Gunslinging . | . . . . . . . . . . . . . . . . Exploded 6 | . . . . . . . . . . . . . . . 6 Melee 1 | . . . . . . 1 . . . . . . . . . Uniques/NPCs Destroyed . | . . . . . . . . . . . . . . . . Combat | -11 -10 -10 -10 -9 -8 -7 -7 -7 -6 -5 -4 -4 -3 -2 -1 -------- Run | Yrd Mat Min Exi Min Mat Fac Was Fac Fac Fac Fac DSF Res Res Acc Hostile Shots Fired 135 | . 17 1 . 9 8 54 . . 2 . . 4 2 2 36 Missed 67 | . 5 1 . 1 3 24 . . . . . 4 2 2 25 Hits 68 | . 12 . . 8 5 30 . . 2 . . . . . 11 Projectile 68 | . 12 . . 8 5 30 . . 2 . . . . . 11 AOE 7 | . . . . 6 . . . . . . . 1 . . . Critical Strikes 2 | . . . . . 1 1 . . . . . . . . . Damage Taken 1210 | . 129 . . 248 74 441 . . 38 . . 32 . . 248 Core 256 | . 44 . . 68 . 67 . . 20 . . 16 . . 41 Absorbed by Shields . | . . . . . . . . . . . . . . . . Redirected to Shielding 152 | . . . . . . . . . . . . 10 . . 142 Regen/Repaired (Parts) 59 | . . . . . . . 6 . 53 . . . . . . Core Remaining (%) 93 | 100 . . . 55 100 . . 90 97 100 . 98 100 100 97 Volleys Fired 29 | . 18 4 . 1 . . . . . . . . 2 . 4 Largest 2 | . 2 1 . 1 . . . . . . . . 1 . 1 Hottest 60 | . 50 30 . 30 . . . . . . . . 60 . 60 Shots Fired 34 | . 23 4 . 1 . . . . . . . . 2 . 4 Gun 5 | . 5 . . . . . . . . . . . . . . Cannon 29 | . 18 4 . 1 . . . . . . . . 2 . 4 Launcher . | . . . . . . . . . . . . . . . . Special . | . . . . . . . . . . . . . . . . Kinetic 28 | . 23 4 . 1 . . . . . . . . . . . Thermal . | . . . . . . . . . . . . . . . . Explosive . | . . . . . . . . . . . . . . . . Electromagnetic 6 | . . . . . . . . . . . . . 2 . 4 Robot Hit Streak 4 | . 4 3 . 4 . . . . . . . . . . 2 Robot Miss Streak 2 | . 2 1 . . . . . . . . . . 2 . 1 Penetration Max . | . . . . . . . . . . . . . . . . Secondary Targets . | . . . . . . . . . . . . . . . . Shots Hit Robots 50 | . 14 3 . 1 3 13 . 3 1 1 . . 1 1 9 Core Hits 28 | . 9 2 . . 1 7 . . 1 . . . . . 8 Critical Kills . | . . . . . . . . . . . . . . . . Critical Parts Destroyed . | . . . . . . . . . . . . . . . . Critical Strikes 1 | . . . . . . 1 . . . . . . . . . Sever 1 | . . . . . . 1 . . . . . . . . . Melee Attacks 37 | . . . . . 3 14 . 4 2 1 . . 2 1 10 Impact 19 | . . . . . . . . 4 1 1 . . 2 1 10 Slashing 18 | . . . . . 3 14 . . 1 . . . . . . Piercing . | . . . . . . . . . . . . . . . . Sneak Attacks 12 | . . . . . 2 2 . 1 . 1 . . 1 1 4 Combat Hostiles . | . . . . . . . . . . . . . . . . Follow-up Attacks 1 | . . . . . . . . . 1 . . . . . . Damage Inflicted 3102 | . 255 52 . 17 179 587 . 161 43 93 . . 282 106 1327 Guns . | . . . . . . . . . . . . . . . . Cannons 340 | . 255 52 . 17 . . . . . . . . . . 16 Explosions 932 | . . . . . . . . . . . . . 186 . 746 Melee 1830 | . . . . . 179 587 . 161 43 93 . . 96 106 565 Ramming . | . . . . . . . . . . . . . . . . Kinetic 324 | . 255 52 . 17 . . . . . . . . . . . Thermal . | . . . . . . . . . . . . . . . . Explosive . | . . . . . . . . . . . . . . . . Electromagnetic 948 | . . . . . . . . . . . . . 186 . 762 Impact 1021 | . . . . . . . . 161 . 93 . . 96 106 565 Slashing 809 | . . . . . 179 587 . . 43 . . . . . . Piercing . | . . . . . . . . . . . . . . . . Highest Corruption 12 | . . . . . . . . . . 5 . . 6 5 12 Average Corruption 7 | . . . . . . . . . . 5 . . 5 5 10 Corruption Purged . | . . . . . . . . . . . . . . . . Corruption Blocked . | . . . . . . . . . . . . . . . . Effects 22 | . . . . . . . . . . 4 . . 4 4 10 Message Errors 4 | . . . . . . . . . . . . . 1 1 2 Matter Fused 5 | . . . . . . . . . . 1 . . . . 4 Heat Flow Errors 1 | . . . . . . . . . . . . . . 1 . Energy Discharges 3 | . . . . . . . . . . 1 . . 1 . 1 Parts Fused 2 | . . . . . . . . . . . . . 1 . 1 Data Loss (minor) 3 | . . . . . . . . . . . . . 1 2 . Data Loss (major) 3 | . . . . . . . . . . 2 . . . . 1 Misdirections 1 | . . . . . . . . . . . . . . . 1 Overload Shots . | . . . . . . . . . . . . . . . . Overflow Damage 543 | . . . . . 30 63 . 31 . 23 . . 14 76 306 Projectiles . | . . . . . . . . . . . . . . . . Explosions 18 | . . . . . . . . . . . . . 14 . 4 Melee 525 | . . . . . 30 63 . 31 . 23 . . . 76 302 Knockbacks 7 | . 1 1 . 1 . . . . . 1 . . . 1 2 Impact 4 | . . . . . . . . . . 1 . . . 1 2 Kinetic 3 | . 1 1 . 1 . . . . . . . . . . . Secondary . | . . . . . . . . . . . . . . . . Self-Inflicted Damage . | . . . . . . . . . . . . . . . . Shots . | . . . . . . . . . . . . . . . . Rammed . | . . . . . . . . . . . . . . . . Targets Rammed . | . . . . . . . . . . . . . . . . Kicked . | . . . . . . . . . . . . . . . . Crushed . | . . . . . . . . . . . . . . . . Highest Temperature 371 | . . . . . . 150 25 313 302 303 . . 241 277 371 Average Temperature 82 | . . . . . . 70 9 81 77 108 . . 68 121 86 Received Heat Transfer 189 | . 42 . . 15 54 42 . . 18 . . . . . 18 Effects 6 | . . . . . . . . . 1 . . . 3 2 . Energy Bleed 4 | . . . . . . . . . 1 . . . 1 2 . Interference 2 | . . . . . . . . . . . . . 2 . . Siege Activations . | . . . . . . . . . . . . . . . . Martial Activations . | . . . . . . . . . . . . . . . . Shielding Activations . | . . . . . . . . . . . . . . . . Robots Disrupted . | . . . . . . . . . . . . . . . . Combat Hostiles . | . . . . . . . . . . . . . . . . Robots Corrupted 8 | . . . . . . . . 1 . 1 . . 1 . 5 Combat Hostiles 1 | . . . . . . . . . . . . . . . 1 Parts Fried 12 | . . . . . . . . . . 3 . . 1 . 8 Impact Corruptions 12 | . . . . . . . . 2 . 1 . . . 2 7 Robots Melted . | . . . . . . . . . . . . . . . . Combat Hostiles . | . . . . . . . . . . . . . . . . Parts Melted . | . . . . . . . . . . . . . . . . Heat Transferred . | . . . . . . . . . . . . . . . . Parts Sabotaged . | . . . . . . . . . . . . . . . . Parts Stolen . | . . . . . . . . . . . . . . . . Parts Stripped . | . . . . . . . . . . . . . . . . Power Chain Reactions . | . . . . . . . . . . . . . . . . Latent Energy Used 1017 | . . . . . . . . . . . . . 320 . 697 LE Corruption 16 | . . . . . . . . . . . . . 5 . 11 Alert | -11 -10 -10 -10 -9 -8 -7 -7 -7 -6 -5 -4 -4 -3 -2 -1 ------- Run | Yrd Mat Min Exi Min Mat Fac Was Fac Fac Fac Fac DSF Res Res Acc Maximum Alert Level 2 | . . . . . . 1 . . . . . . . . 2 Low Security (%) 94 | 100 100 100 . 100 100 75 100 100 100 100 100 100 100 100 74 Level 1 3 | . . . . . . 24 . . . . . . . . 8 Level 2 1 | . . . . . . . . . . . . . . . 17 Level 3 . | . . . . . . . . . . . . . . . . Level 4 . | . . . . . . . . . . . . . . . . Level 5 . | . . . . . . . . . . . . . . . . High Security . | . . . . . . . . . . . . . . . . Max Security . | . . . . . . . . . . . . . . . . Peak Influence 463 | . 167 78 . 30 55 246 76 195 151 78 12 25 133 71 463 Initial 66 | . . 51 . . . 24 66 18 44 34 . 10 13 66 9 Average 78 | . 78 23 . 4 8 142 56 98 76 38 4 12 74 44 188 Influence Increases 2545 | . 284 90 . 30 85 359 50 360 310 76 15 15 185 60 626 Destroy 0b10 Robot/C 540 | . 100 40 . . . 100 . 160 . . . . . . 140 Destroy 0b10 Robot/NC 80 | . 15 10 . . 5 10 . 5 5 5 . . 5 . 20 Destroy Leader 110 | . 24 . . . . 14 . 42 2 . . . 2 . 26 Allied During Kill 74 | . . 10 . . . . . 64 . . . . . . . Successful Hack 359 | . 25 . . . 5 25 . 28 63 41 15 . 17 . 140 Select Force Hacks 150 | . . . . . . . . 30 30 30 . . 60 . . Disable Machine 105 | . 30 . . . . 15 . . . . . . 15 . 45 Destroy Structure 182 | . . . . . . . 50 1 . . . . 56 . 75 Partial Spotted 255 | . . . . . . . . 30 45 . . . . 30 150 Lose Combat Pursuer 690 | . 90 30 . 30 75 195 . . 165 . . 15 30 30 30 Influence Decreases 2384 | . 151 223 . 30 30 225 213 296 330 146 . 5 92 162 481 Entered New Map 402 | . . 82 . . . 31 123 8 46 36 . 5 12 52 7 Time Decay 1524 | . 151 141 . 30 30 194 70 180 254 110 . . 80 110 174 Lost Ally 158 | . . . . . . . 20 108 30 . . . . . . Purge Threat 300 | . . . . . . . . . . . . . . . 300 Squads Dispatched 28 | . . 1 . . 2 2 . 7 3 2 . 1 4 1 5 Investigation 14 | . . 1 . . . 1 . 6 2 1 . . 3 . . Extermination 9 | . . . . . . 1 . 1 1 1 . . 1 1 3 Reinforcement 5 | . . . . . 2 . . . . . . 1 . . 2 Assault . | . . . . . . . . . . . . . . . . Garrison . | . . . . . . . . . . . . . . . . Intercept . | . . . . . . . . . . . . . . . . Searches Triggered . | . . . . . . . . . . . . . . . . Construction Impeded . | . . . . . . . . . . . . . . . . Haulers Reinforced . | . . . . . . . . . . . . . . . . Active Scanning Responses . | . . . . . . . . . . . . . . . . Cargo Convoy Interrupts . | . . . . . . . . . . . . . . . . Stealth | -11 -10 -10 -10 -9 -8 -7 -7 -7 -6 -5 -4 -4 -3 -2 -1 --------- Run | Yrd Mat Min Exi Min Mat Fac Was Fac Fac Fac Fac DSF Res Res Acc Distress Signals 15 | . 1 . . . 4 . . 2 3 . . . 2 1 2 Communications Jammed . | . . . . . . . . . . . . . . . . Distress Signals . | . . . . . . . . . . . . . . . . Times Spotted 140 | . 15 4 . 5 17 18 5 8 15 4 . 3 15 1 30 Peak Tracking Total 9 | . 6 2 . 2 9 7 3 2 5 2 . 3 8 2 6 Tactical Retreats 27 | . 3 1 . 1 2 6 . . 6 . . 1 2 1 4 ECM-based Alert Blocks 13 | . . . . . . . . . 2 . . . . . 11 Traps | -11 -10 -10 -10 -9 -8 -7 -7 -7 -6 -5 -4 -4 -3 -2 -1 ------- Run | Yrd Mat Min Exi Min Mat Fac Was Fac Fac Fac Fac DSF Res Res Acc Traps Triggered 8 | . 1 . . . . 3 . 2 . . . . . . 2 Indirectly . | . . . . . . . . . . . . . . . . Trap Hack Attempts . | . . . . . . . . . . . . . . . . Triggered . | . . . . . . . . . . . . . . . . Disarmed . | . . . . . . . . . . . . . . . . Reprogrammed . | . . . . . . . . . . . . . . . . Reused . | . . . . . . . . . . . . . . . . Traps Extracted . | . . . . . . . . . . . . . . . . Installed . | . . . . . . . . . . . . . . . . Triggered . | . . . . . . . . . . . . . . . . Machines | -11 -10 -10 -10 -9 -8 -7 -7 -7 -6 -5 -4 -4 -3 -2 -1 ---------- Run | Yrd Mat Min Exi Min Mat Fac Was Fac Fac Fac Fac DSF Res Res Acc Machines Disabled 7 | . 2 . . . . 1 . . . . . . 1 . 3 Max in Single Turn 1 | . 1 . . . . 1 . . . . . . 1 . 1 Garrison Access 5 | . . . . . . . . 2 1 2 . . . . . Machines Repaired . | . . . . . . . . . . . . . . . . Machines Dismantled . | . . . . . . . . . . . . . . . . Machines Sabotaged . | . . . . . . . . . . . . . . . . Overloaded Fab Kills . | . . . . . . . . . . . . . . . . Hacking | -11 -10 -10 -10 -9 -8 -7 -7 -7 -6 -5 -4 -4 -3 -2 -1 --------- Run | Yrd Mat Min Exi Min Mat Fac Was Fac Fac Fac Fac DSF Res Res Acc Machines Accessed 93 | . 7 1 2 2 2 12 . 14 20 10 4 . 7 1 11 Terminals 51 | . 7 . . . 2 4 . 8 9 6 2 . 3 1 9 Fabricators 6 | . . . . . . 3 . . 2 . . . . . 1 Repair Stations 4 | . . . . . . . . 1 3 . . . . . . Recycling Units 7 | . . . . . . 1 . . 4 . 2 . . . . Scanalyzers 11 | . . . . . . 2 . 2 1 2 . . 4 . . Garrison Access 9 | . . . . . . 2 . 3 1 2 . . . . 1 Total Hacks 234 | . 19 1 2 2 7 23 . 43 43 32 9 . 18 2 33 Successful 109 | . 7 1 2 2 5 9 . 18 23 15 4 . 9 1 13 Failed 124 | . 11 . . . 2 14 . 25 20 17 5 . 9 1 20 Catastrophic 19 | . . . . . . 2 . 4 3 1 2 . 1 1 5 Database Lockouts 1 | . 1 . . . . . . . . . . . . . . Manual 75 | . 10 . 1 . 2 4 . 15 18 10 1 . 7 1 6 Terminals 154 | . 19 . . . 7 11 . 27 22 22 6 . 9 2 29 Fabricators 12 | . . . . . . 4 . . 6 . . . . . 2 Repair Stations 8 | . . . . . . . . 2 6 . . . . . . Recycling Units 9 | . . . . . . 1 . . 5 . 3 . . . . Scanalyzers 30 | . . . . . . 4 . 9 3 5 . . 9 . . Garrison Access 16 | . . . . . . 3 . 5 1 5 . . . . 2 Terminal Hacks 50 | . 4 1 2 2 3 4 . 8 6 6 3 . 2 1 8 Record 1 | . . . 1 . . . . . . . . . . . . Part Schematic 1 | . 1 . . . . . . . . . . . . . . Robot Analysis 2 | . 1 . . . . . . . . . . . . . 1 Prototype ID Bank 6 | . . . . . 1 . . 1 2 1 . . . 1 . Open Door 4 | . . 1 . 2 . . . . . . . . . . 1 Open DSF 1 | . . . . . . . . . . . 1 . . . . Level Access Points 4 | . . . . . . 1 . 1 . 1 . . 1 . . Branch Access Points 4 | . . . . . . . . . 1 1 1 . . . 1 Emergency Access Points 1 | . . . . . . . . . . . . . 1 . . Machine Index 1 | . . . . . . . . . . . . . . . 1 Terminal Index 1 | . . . . . . . . 1 . . . . . . . Alert Level 2 | . . . . . . . . . . 1 . . . . 1 Unreport Threat 2 | . . . . . . . . . . . . . . . 2 Locate Traps 12 | . 2 . . . . 2 . 4 1 1 1 . . . 1 Recall Extermination 1 | . . . . . . . . . . 1 . . . . . Hauler Manifests 3 | . . . . . 1 1 . . 1 . . . . . . Registered Components 3 | . . . . . 1 . . 1 1 . . . . . . Proto ID Catalog 1 | . . . 1 . . . . . . . . . . . . Fabricator Hacks 2 | . . . . . . 1 . . 1 . . . . . . Network Status 2 | . . . . . . 1 . . 1 . . . . . . Repair Station Hacks 4 | . . . . . . . . 1 3 . . . . . . Scan Component 1 | . . . . . . . . . 1 . . . . . . Repair 1 | . . . . . . . . . 1 . . . . . . Refit 2 | . . . . . . . . 1 1 . . . . . . Recycling Unit Hacks 5 | . . . . . . 1 . . 4 . . . . . . Retrieve Components 5 | . . . . . . 1 . . 4 . . . . . . Scanalyzer 12 | . . . . . . 2 . 4 . 2 . . 4 . . Insert Component 4 | . . . . . . . . 1 . 1 . . 2 . . Analyze 3 | . . . . . . . . 2 . 1 . . . . . Retrieve Study 5 | . . . . . . 2 . 1 . . . . 2 . . Garrison Access Hacks 5 | . . . . . . . . 2 1 2 . . . . . Seal Access 5 | . . . . . . . . 2 1 2 . . . . . Unauthorized Hacks 31 | . 3 . . . 2 1 . 3 8 5 1 . 3 . 5 Terminals 22 | . 3 . . . 2 1 . 2 4 4 1 . 1 . 4 Track 2 | . 1 . . . . . . . 1 . . . . . . Assimilate 3 | . . . . . 1 . . 1 . . . . . . 1 Botnet 11 | . 1 . . . 1 1 . 1 2 1 1 . 1 . 2 Operators 3 | . 1 . . . . . . . 1 . . . . . 1 Skim 3 | . . . . . . . . . . 3 . . . . . Fabricators 3 | . . . . . . . . . 2 . . . . . 1 Liberate 1 | . . . . . . . . . . . . . . . 1 Haulers 2 | . . . . . . . . . 2 . . . . . . Repair Stations . | . . . . . . . . . . . . . . . . Recycling Units 1 | . . . . . . . . . 1 . . . . . . Reject 1 | . . . . . . . . . 1 . . . . . . Scanalyzers 5 | . . . . . . . . 1 1 1 . . 2 . . Extract 5 | . . . . . . . . 1 1 1 . . 2 . . Garrison Access . | . . . . . . . . . . . . . . . . Data Cores Recovered . | . . . . . . . . . . . . . . . . Used . | . . . . . . . . . . . . . . . . Hacking Detections 75 | . 5 . . . 2 11 . 12 17 8 3 . 5 1 11 Full Trace Events 6 | . . . . . . 1 . 3 1 . . . 1 . . Feedback Events 1 | . . . . . . . . . . . . . 1 . . Corruption 1 | . . . . . . . . . . . . . 1 . . Feedback Blocked . | . . . . . . . . . . . . . . . . Robot Schematics Acquired . | . . . . . . . . . . . . . . . . Robots Built . | . . . . . . . . . . . . . . . . Authchips . | . . . . . . . . . . . . . . . . Time . | . . . . . . . . . . . . . . . . Total Robot Build Rating . | . . . . . . . . . . . . . . . . Part Schematics Acquired 23 | . 1 . . . . . . 2 1 12 . . 7 . . Parts Built . | . . . . . . . . . . . . . . . . Authchips . | . . . . . . . . . . . . . . . . Time . | . . . . . . . . . . . . . . . . Total Part Build Rating . | . . . . . . . . . . . . . . . . Part Studies Acquired 5 | . . . . . . 2 . 1 . . . . 2 . . Parts Repaired 1 | . . . . . . . . . 1 . . . . . . Time 80 | . . . . . . . . . 80 . . . . . . Parts Recycled . | . . . . . . . . . . . . . . . . Recycled Matter . | . . . . . . . . . . . . . . . . Retrieved Matter . | . . . . . . . . . . . . . . . . Retrieved Components 11 | . . . . . . 3 . . 8 . . . . . . Parts Scanalyzed 3 | . . . . . . . . 1 . 1 . . 1 . . Part Schematics Acquired 1 | . . . . . . . . . . 1 . . . . . Parts Damaged 1 | . . . . . . . . . . . . . 1 . . Bothacking | -11 -10 -10 -10 -9 -8 -7 -7 -7 -6 -5 -4 -4 -3 -2 -1 ------------ Run | Yrd Mat Min Exi Min Mat Fac Was Fac Fac Fac Fac DSF Res Res Acc Used RIF Installer . | . . . . . . . . . . . . . . . . Robots Hacked . | . . . . . . . . . . . . . . . . Non-combat . | . . . . . . . . . . . . . . . . Combat . | . . . . . . . . . . . . . . . . Robot Hacks Applied . | . . . . . . . . . . . . . . . . Relay Couplers Released . | . . . . . . . . . . . . . . . . Fabnet Peak Effective % . | . . . . . . . . . . . . . . . . Robots Rewired . | . . . . . . . . . . . . . . . . Allies Hacked . | . . . . . . . . . . . . . . . . Hacks Repelled . | . . . . . . . . . . . . . . . . Allies | -11 -10 -10 -10 -9 -8 -7 -7 -7 -6 -5 -4 -4 -3 -2 -1 -------- Run | Yrd Mat Min Exi Min Mat Fac Was Fac Fac Fac Fac DSF Res Res Acc Total Allies 22 | . . 3 . . . . 18 1 . . . . . . . Largest Group 18 | . . 3 2 . . . 18 11 3 . . . . . . Highest-Rated Group 434 | . . 69 38 . . . 434 304 64 . . . . . . Highest-Rated Ally 35 | . . 31 31 . . . 35 31 27 . . . . . . Total Orders . | . . . . . . . . . . . . . . . . Ally Attacks 159 | . . 4 . . . . 97 58 . . . . . . . Total Damage 4503 | . . 86 . . . . 3503 914 . . . . . . . Kills 21 | . . 2 . . . . 11 8 . . . . . . . Allies Corrupted . | . . . . . . . . . . . . . . . . Allies Melted . | . . . . . . . . . . . . . . . . Intel | -11 -10 -10 -10 -9 -8 -7 -7 -7 -6 -5 -4 -4 -3 -2 -1 ------- Run | Yrd Mat Min Exi Min Mat Fac Was Fac Fac Fac Fac DSF Res Res Acc Active Infowar (turns) 3912 | . 214 451 106 245 219 495 152 399 548 226 38 15 167 230 407 Optics 1823 | . . . . . . . . 192 548 226 38 15 167 230 407 Terrain 961 | . . . . . . . . . . 223 38 5 134 227 334 Structural 1977 | . . . . . 209 495 152 399 507 25 . . . 174 16 T.N.C. 1449 | . 214 451 106 245 219 214 . . . . . . . . . ECM 166 | . . . . . . . . . 41 . . . . . 125 Robot Analysis Total 2 | . 1 . . . . . . . . . . . . . 1 Derelict Logs Recovered 4 | . . 1 . 3 . . . . . . . . . . . Drone Launches . | . . . . . . . . . . . . . . . . Drone Recoveries . | . . . . . . . . . . . . . . . . Exploration | -11 -10 -10 -10 -9 -8 -7 -7 -7 -6 -5 -4 -4 -3 -2 -1 ------------- Run | Yrd Mat Min Exi Min Mat Fac Was Fac Fac Fac Fac DSF Res Res Acc Turns Passed 4066 | 28 340 451 106 245 219 495 152 399 548 226 38 15 167 230 407 Spaces Moved 10344 | 34 536 715 208 302 366 1380 264 1312 1578 828 157 51 577 869 1167 Core 2344 | 34 534 715 208 233 366 254 . . . . . . . . . Treads 72 | . 2 . . 69 . 1 . . . . . . . . . Legs . | . . . . . . . . . . . . . . . . Wheels . | . . . . . . . . . . . . . . . . Hover . | . . . . . . . . . . . . . . . . Flight 7928 | . . . . . . 1125 264 1312 1578 828 157 51 577 869 1167 Fastest Speed 17 | 50 50 50 50 50 50 24 24 22 20 20 22 22 20 19 17 Average Speed 29 | 50 50 50 50 75 50 29 24 22 21 21 22 22 21 19 19 Slowest Speed 160 | 50 160 50 50 160 50 156 24 24 23 22 22 22 22 20 25 Overloaded Moves . | . . . . . . . . . . . . . . . . Propulsion Burnouts . | . . . . . . . . . . . . . . . . Robots Hopped 39 | . . . . . . 3 . 1 8 2 . . . 3 22 Potential Cave-ins . | . . . . . . . . . . . . . . . . Cave-ins Triggered . | . . . . . . . . . . . . . . . . Exploration Rate (%) 47 | 3 96 98 59 66 37 39 95 38 45 21 5 73 20 23 39 Regions Visited 15 Branch Regions 3 Pre-discovered Areas 4 | . . . 1 3 . . . . . . . . . . . Known Exits Taken 5 | . . . . . . . . 1 . 1 1 . 1 1 . Unknown Exits Taken 7 | 1 1 1 1 1 1 . . . 1 . . . . . . Scrap Searched 3 | . . 2 . 1 . . . . . . . . . . . Spaces Dug . | . . . . . . . . . . . . . . . . Terrain Destroyed 55 | . . . . . . . . . . . . . 31 . 24 Melee . | . . . . . . . . . . . . . . . . Projectile . | . . . . . . . . . . . . . . . . AOE 55 | . . . . . . . . . . . . . 31 . 24 Terrain Rammed . | . . . . . . . . . . . . . . . . Walls Destroyed . | . . . . . . . . . . . . . . . . Machines Disabled . | . . . . . . . . . . . . . . . . Actions | -11 -10 -10 -10 -9 -8 -7 -7 -7 -6 -5 -4 -4 -3 -2 -1 --------- Run | Yrd Mat Min Exi Min Mat Fac Was Fac Fac Fac Fac DSF Res Res Acc Total 11254 | 42 587 805 209 320 395 1450 352 1403 1777 873 159 54 614 924 1290 Wait 594 | . 6 77 . 9 11 5 85 68 184 32 . . 25 32 60 Move 10255 | 33 535 714 207 301 365 1374 263 1309 1561 824 156 50 576 862 1125 Hop 35 | . . . . . . 3 . 1 8 1 . . . 3 19 Pick Up 55 | 5 5 3 1 2 3 12 1 1 6 3 1 1 1 3 7 Fast Attach 43 | 4 5 1 . . 4 7 1 5 3 1 . . 2 7 3 Attach 26 | . 3 . . 2 2 6 . . 1 4 2 . 1 3 2 Detach 23 | . 3 1 . 2 1 4 . 3 . 2 . . . 6 1 Swap 47 | . 2 2 . 1 3 1 . 5 4 2 . 2 3 2 20 Drop 66 | . 10 3 1 2 3 9 2 7 9 3 . 1 2 5 9 Fire 29 | . 18 4 . 1 . . . . . . . . 2 . 4 Melee 36 | . . . . . 3 14 . 4 1 1 . . 2 1 10 Ram . | . . . . . . . . . . . . . . . . Kick . | . . . . . . . . . . . . . . . . Crush . | . . . . . . . . . . . . . . . . Escape Stasis 45 | . . . . . . 15 . . . . . . . . 30 Rewire . | . . . . . . . . . . . . . . . . Trap . | . . . . . . . . . . . . . . . . Miscellaneous . | . . . . . . . . . . . . . . . . Route ------- -11/Scrapyard -10/Materials (discovered 4 exits: [*Mat x3] / *Min) -10/Mines (discovered 4 exits: [*Mat x2] / *Exi / Sub) -10/Exiles -9/Mines (discovered 2 exits: *Mat x2) -8/Materials -7/Factory (discovered 5 exits: *Fac x4 / [*Sto]) -7/Waste -7/Factory (discovered 5 exits: *Fac x4 / [*Sto]) -6/Factory (discovered 3 exits: *Fac / Low x2) -5/Factory (discovered 6 exits: *Fac x4 / *Upp x2) -4/Factory (discovered 6 exits: *Res / Upp x2 / Ext x2 / DSF) -4/DSF -3/Research (discovered 3 exits: *Res x3) -2/Research (discovered 3 exits: *Acc x3) -1/Access (discovered 2 exits: [*Sur] / Com) To Epsilon Eridani History --------- Turn | Location | Event 11 | -11/Scrapyard | Discovered new exit (range 15) 29 | -11/Scrapyard | Entered Materials 85 | -10/Materials | Discovered new exit (range 11) 188 | -10/Materials | Discovered new exit (range 7) 259 | -10/Materials | Discovered new exit (range 10) 260 | -10/Materials | Central database locked down 318 | -10/Materials | Build established: Mutant 356 | -10/Materials | Discovered new exit (range 7) 369 | -10/Materials | Entered Mines 377 | -10/Mines | Met a Derelict shopkeep closing up shop 487 | -10/Mines | Discovered new exit (range 5) 489 | -10/Mines | Received a Mining Laser from a helpful Derelict 491 | -10/Mines | Deemed a non-threat by the Exiles lab entrance 491 | -10/Mines | Discovered new exit (range 5) 553 | -10/Mines | Discovered new exit (range 5) 588 | -10/Mines | Identified exit to Subcaves 700 | -10/Mines | Found a damaged Exp. Sensor Array with a note attached 702 | -10/Mines | Found Prototype Device 820 | -10/Mines | Entered Exiles 820 | -10/Exiles | Accompanied by 2 allies 833 | -10/Exiles | Met 8R-AWN 842 | -10/Exiles | Met EX-HEX 850 | -10/Exiles | Led the pair of lost Derelicts to a safe place 855 | -10/Exiles | Met EX-BIN 861 | -10/Exiles | Aligned with FarCom system 862 | -10/Exiles | Given EX-Vault access code 873 | -10/Exiles | Opened EX-Vault 878 | -10/Exiles | Found Latent Energy Streamer 889 | -10/Exiles | Warned to stay clear of 0b10 Research branches 903 | -10/Exiles | Met EX-DEC 906 | -10/Exiles | Learned location of Zion (-6) 921 | -10/Exiles | Discovered new exit (range 11) 926 | -10/Exiles | Left Exiles lab with Latent Energy Streamer 926 | -10/Exiles | Entered Mines 945 | -9/Mines | Learned location of Storage (-7) 947 | -9/Mines | Met a Derelict bent on vengeance 968 | -9/Mines | Discovered new exit (range 6) 978 | -9/Mines | Found the Drone Emporium 983 | -9/Mines | Found Prototype Device 1008 | -9/Mines | Met a Derelict who couldn't figure out how to use a Trap Extractor 1073 | -9/Mines | Discovered new exit (range 11) 1151 | -9/Mines | Assembled infested the area 1171 | -9/Mines | Entered Materials 1171 | -8/Materials | Evolved 4 slots: Propulsion x2, Utility x2 1388 | -8/Materials | Discovered new exit (range 5) 1390 | -8/Materials | Entered Factory 1390 | -7/Factory | Evolved 2 slots: Propulsion x1, Utility x1 1464 | -7/Factory | Build established: Scout 1635 | -7/Factory | Identified exit to Factory 1640 | -7/Factory | Discovered new exit (range 12) 1885 | -7/Factory | Manually triggered Chute Trap 1885 | -7/Factory | Sucked down chute 1885 | -7/Factory | Entered Waste 1887 | -7/Waste | Spotted C-40 Crusher 1887 | -7/Waste | Spotted C-40 Crusher 1888 | -7/Waste | Spotted C-40 Crusher 1894 | -7/Waste | Build established: Scavenger-Sprinter 1894 | -7/Waste | Spotted C-40 Crusher 1898 | -7/Waste | Warlord forces began an assault 1912 | -7/Waste | Allies destroyed C-40 Crusher 1917 | -7/Waste | Spotted C-40 Crusher 1923 | -7/Waste | Allies destroyed C-40 Crusher 1923 | -7/Waste | Allies destroyed C-40 Crusher 1929 | -7/Waste | Allies destroyed C-40 Crusher 1954 | -7/Waste | Lost 5 allies 1958 | -7/Waste | Allies destroyed C-40 Crusher 1962 | -7/Waste | Spotted C-40 Crusher 1979 | -7/Waste | Allies destroyed C-40 Crusher 1986 | -7/Waste | Discovered new exit (range 13) 2037 | -7/Waste | Entered Factory 2037 | -7/Factory | Accompanied by 11 allies 2182 | -7/Factory | Discovered new exit (range 10) 2321 | -7/Factory | Discovered exit to Factory (range 13) 2436 | -7/Factory | Entered another Factory area 2436 | -6/Factory | Accompanied by 3 allies 2436 | -6/Factory | Evolved 2 slots: Power x1, Propulsion x1 2520 | -6/Factory | Build established: Scout 2733 | -6/Factory | Identified exit to Lower Caves 2832 | -6/Factory | Discovered new exit (range 14) 2971 | -6/Factory | Repaired Exp. Propulsion Shielding 2984 | -6/Factory | Entered another Factory area 2984 | -5/Factory | Evolved 2 slots: Utility x2 3023 | -5/Factory | Identified exit to Factory 3051 | -5/Factory | Discovered new exit (range 20) 3069 | -5/Factory | Spotted B-75 Beast 3131 | -5/Factory | Identified exit to Upper Caves 3167 | -5/Factory | Watched by a mysterious "MATRIX" hacker. 3210 | -5/Factory | Entered another Factory area 3210 | -4/Factory | Evolved 2 slots: Utility x2 3225 | -4/Factory | Discovered new exit (range 6) 3234 | -4/Factory | Identified exit to Upper Caves 3234 | -4/Factory | Identified exit to Extension 3248 | -4/Factory | Identified exit to DSF 3248 | -4/Factory | Entered DSF 3252 | -4/DSF | Discovered new exit (range 20) 3263 | -4/DSF | Entered Research 3263 | -3/Research | Evolved 2 slots: Propulsion x1, Utility x1 3287 | -3/Research | Identified Thief Drone Bay 3308 | -3/Research | Identified exit to Research 3430 | -3/Research | Entered another Research area 3430 | -2/Research | Evolved 2 slots: Utility x2 3445 | -2/Research | Discovered new exit (range 22) 3452 | -2/Research | Identified exit to Access 3488 | -2/Research | Found Prototype Launcher 3488 | -2/Research | Identified Mni. Smartbomb Launcher 3492 | -2/Research | Found Mni. Smartbomb Launcher 3601 | -2/Research | Discovered exit to Access (range 13) 3620 | -2/Research | Discovered exit to Access (range 17) 3660 | -2/Research | Entered Access 3660 | -1/Access | Evolved 2 slots: Propulsion x1, Utility x1 3688 | -1/Access | Spotted B-99 Colossus 3691 | -1/Access | Build established: Hacker-Scout 3743 | -1/Access | Spotted B-99 Colossus 3779 | -1/Access | Found Prototype Processor 3779 | -1/Access | Identified Exp. Signal Interpreter 3804 | -1/Access | System corruption reached 10% 3844 | -1/Access | Identified exit to Command 4062 | -1/Access | Discovered new exit (range 17) 4067 | *** | Escaped! Last Messages --------------- 03982_ QD:AO 04032_ Penetrated by Slug. 04033_ K-01 Serf cleans the Anti-Orbital Battery. 04038_ A-15 Conveyor collects Lgt. Quantum Reactor. 04044_ K-01 Serf cleans the Garrison Access. 04049_ Penetrated by Slug. 04049_ Slug penetrates Wall. 04049_ K-01 Serf cleans the Garrison Access. 04059_ System corrupted: Field Propulsion Array fused. 04062_ EXIT=FOUND 04065_ Connecting with Terminal... >>Open(Door) Sealed Barrier opened. 04066_ The Access Shell folds into the floor. 04067_ ALERT: Potential suspicious activity detected, Programmers report to Access Zone 4J. [Achievement: Engineer's Best Friend] Map ----- +----------------------------------------------------+ | ??????????+ ?#??#?## """ # # # | | ??????????# #?????## " ! + =!+ # | | ??????????# ###????# # !!# # | | ?? ?? ????# #?#???## # ??# = # | | ??????????# #?????## ] #????# # | | ??????????# ##??##?# #??? # # | | ????#???### ##?##### ###### # | | ?#?????##?# ########+###### + # | | ???#?#???## # #?#??# ############## | | ???????#??# # #???## ##?????????### | | ????????### # #?#??###+#### #? ??#????? ?? | | ????????### # #??#?? ?# #????? ??? ??? | | ???????##?# # ! #????# ! # #????????????? | | #??????#??# # #?#??# + +? ?? ??? ? | | ????#???#?# + #????# ###??? ??? ? ? | | ??#???????# # !! #????# ] #???????? ? ? ?? | | ??????????# # !! #??#?# #?#????? ???? ?? | | #??#??#???# #############?########????#??????? ?? | | #?????????# #?????###???????????#?##?#??#???? ? " | | ????????### ####### ##########??##?????#? ? ? ? | | ?#????????# """T""" "???????? ????????? | | ????##?##?# """ """ "????BB? ??? ????? | | ???????#?## "??"?BB?????????+??? | | ??????????# u "?"????????? ? ????? | | #????????## k "" "??? ? ????? ?????? | | ??????????# @" "??"???? ? ????? ?? | | #???????#?# "??? ? ???? ?? ???? | | ???????#??# ""???BB? ??????????? | | ??#???????# u "?""?BB????#???????# | | ????#?????# ""?????????????????# | | ???????##?# ####### ##########?#?????#??????????? | | #??????#??# #???#####?#?#?????#?????????????????? | | ??????????# ##?#???#????????????????????????????? | | ??????????# #??#????????????????????????????????? | | ??????????# #??????????#??#?????????????????????? | | ?#???#?#??# #?#?????????????????????????????????? | | ?????????## ##?#?????????????????#??????????????? | | ??????#?#?# #?????#?????????????????????????????? | | ??? ??????# ????????????????????#???????????????? | | ?????? ???# ????????????????????????????????????# | | ??????????# ??????#?????????????????????????????? | | ??????????# ????????????????????????????????????? | | ??????"???? ?????????#??????????????????????????? | | ??????????? ???????????????????#?????????????????? | | ???????? ??? ?????????#?????????#????????????????? | | ??????????????????????????????????#??????????????? | | ??????????????????#??????????????????????????????? | | ?????????????????????????????????????????????????? | | ?????????????????????????????????????????????????? | | ?????????????????????????????????????????????????? | +----------------------------------------------------+ Best States ------------- Heat Dissipation 52 Energy Generation 38 Energy Capacity 650 Matter Stores 300 Matter Capacity 300 Sight Range 22 Terrain Scan Range 24 Terrain Scan Density 210 ECM Strength 2 Power Amplification 30 Armor Coverage 150 Propulsion Shielding 90 Utility Shielding 66 Evasion (%) 78 Targeting Accuracy 5 Melee Accuracy 13 Recoil Reduction 4 Matter Filtering 50 Offensive Hacking 20 Defensive Hacking 14 Item Schematics ----------------- Med. Storage Unit | -10/Materials | Hacked Shock Absorption System | -7/Factory | Extracted Field Laser | -7/Factory | Extracted Power Amplifier | -6/Factory | Extracted Biomechanical Wings | -5/Factory | Scanalyzed Core Analyzer | -5/Factory | Extracted Imp. Core Shielding | -5/Factory | Extracted Imp. System Restoration Module | -5/Factory | Extracted Imp. Plasma Cutter | -5/Factory | Extracted Imp. Shock Absorption System | -5/Factory | Extracted Med. Battery | -5/Factory | Extracted Antigrav System | -5/Factory | Extracted Thunder Leg | -5/Factory | Extracted Energy Filter | -5/Factory | Extracted Hvy. Reactive Plating | -5/Factory | Extracted Ionic Axe | -5/Factory | Extracted Spear | -3/Research | Extracted Molecular Scythe | -3/Research | Extracted Adv. Datajack | -3/Research | Extracted Adv. Signal Interpreter | -3/Research | Extracted Lgt. Neutrino Core | -3/Research | Extracted Linear Accelerator | -3/Research | Extracted Imp. Reaction Control System | -3/Research | Extracted Robot Schematics ------------------ None Fabricated ------------ Nothing Repaired ---------- Exp. Propulsion Shielding | 64% | -6/Factory Studied --------- Mic. Nuclear Core | -7/Factory | Hacked VTOL Module | -7/Factory | Hacked Xenon Bombardment Thruster | -7/Factory | Hacked Mic. Fission Core | -3/Research | Hacked Field Propulsion Drive | -3/Research | Hacked Alien Tech Used ----------------- None Achievements -------------- Blue Mage Engineer's Best Friend Fishing Tech Challenges ------------ None Game ------ Seed AntigravChromaticBroadsword Manual? 0 Play Time 01:42:22 Cumulative 1124.5 hours Start 2026.03.05 @ 20:03:57 End 2026.03.05 @ 21:44:29 Sessions 1 Manual Loads 0 Difficulty Rogue Special Mode None Game No. 205 Rogue 205 Adventurer 0 Explorer 0 Win Type 0 Total 69 Types 26/8/11/1/3/1/10/4/3/2 Lore% 95 Gallery% 91 Achievement% 85 Wizard Run 0 Options --------- Layout 0 ASCII 0 Keyboard 0 Movement Numpad Keybinds 0 Fullscreen 1 Font 18/SmallcapsGlow Map View 76x50 Zoom Use 0% Tactical HUD 1 Map Filters NONE Filters NONE Steam 1 RUN: a539ea33-7f15-42b7-a02e-e76e3a3dbdfc